 Dungeon Crawl Stone Soup version 0.23-a0-13-gb09bef45d9 (webtiles) character file.

2051 Flugkiller the Poker (level 9, -2/79 HPs)
             Began as an Octopode Wanderer on Aug 2, 2018.
             Was a Believer of Hepliaklqana.
             Engulfed by a cloud of flame (15 damage)
             ... on level 7 of the Dungeon.
             The game lasted 00:19:06 (8327 turns).

Flugkiller the Poker (Octopode Wanderer)            Turns: 8327, Time: 00:19:06

Health: -2/79      AC: 20    Str:  9    XL:     9   Next: 25%
Magic:  9/13       EV:  2    Int: 20    God:    Hepliaklqana [**....]
Gold:   529        SH:  5    Dex: 16    Spells: 11/14 levels left

rFire    . . .     SeeInvis .   a - +2 spear
rCold    + . .     Gourm    .   u - +0 buckler
rNeg     + + +     Faith    .   (helmet currently unavailable)
rPois    +         Spirit   .   s - amulet of magic regeneration
rElec    .         Reflect  .   f - ring of protection from cold
rCorr    .         Harm     .   l - +5 ring of intelligence
MR       .....     NoTele   +   w - ring of positive energy
Stlth    +.........             (no ring)
HPRegen  0.23/turn              (no ring)
MPRegen  0.38/turn              (no ring)
                                (no ring)
                                (no ring)

@: tree-form, corroded, very slightly contaminated
A: almost no armour, stealthy swim, (amphibious), 8 rings, (constrict 8),
reduced essence
a: Recall Ancestor, Ancestor Identity, Renounce Religion


You were on level 7 of the Dungeon.
You worshipped Hepliaklqana.
Hepliaklqana was pleased with you.
You were hungry.
You were a tree.
You visited 2 branches of the dungeon, and saw 8 of its levels.

You collected 529 gold pieces.

Inventory:

Hand Weapons
 a - a +2 spear (weapon)
Missiles
 g - 85 stones (quivered)
Armour
 u - a +0 buckler (worn)
Jewellery
 f - a ring of protection from cold (left branch)
 l - a +5 ring of intelligence (right branch)
 s - an amulet of magic regeneration (around neck)
 w - a ring of positive energy (on tentacle)
Wands
 r - a wand of random effects (32)
Scrolls
 c - 2 scrolls of remove curse
 k - a scroll of enchant armour {unknown}
 t - a scroll of teleportation {unknown}
 x - a scroll of brand weapon {unknown}
Potions
 b - 2 potions of cancellation
 j - a potion of might
 m - a potion of berserk rage
 n - a potion of flight {unknown}
 o - a potion of lignification
 p - 2 potions of magic {unknown}
Comestibles
 d - 8 rations


   Skills:
 - Level 4.3 Fighting
 * Level 7.2 Polearms
 + Level 5.9 Dodging
 - Level 4.0 Shields
 - Level 3.0 Spellcasting
   Level 2.0 Conjurations
 - Level 2.0 Hexes
 - Level 2.0 Charms
   Level 2.0 Transmutations
 - Level 1.1 Evocations


You had 11 spell levels left.
You knew the following spells:

 Your Spells              Type           Power        Failure   Level  Hunger
a - Spectral Weapon       Hex/Chrm       ##......     19%         3    ###....

Your spell library contained the following spells:

 Spells                   Type           Power        Failure   Level  Hunger
 Summon Small Mammal      Summ           #...         14%         1    None
 Summon Ice Beast         Ice/Summ       #.......     80%         4    ####...
 Call Imp                 Summ           #.......     22%         2    ##.....
 Stone Arrow              Conj/Erth      #.....       28%         3    ###....
 Confusing Touch          Hex            ##....       6%          1    None
 Passwall                 Tmut/Erth      #.......     14%         2    ##.....
 Sticks to Snakes         Tmut           ##......     10%         2    ##.....
 Call Canine Familiar     Summ           #.......     38%         3    ###....
 Lee's Rapid Deconstruct  Erth           #.........   98%         5    ######.
 Sandblast                Erth           #.....       14%         1    None
 Petrify                  Tmut/Erth      #.......     67%         4    ####...
 Summon Lightning Spire   Summ/Air       #.......     80%         4    ####...
 Summon Guardian Golem    Hex/Summ       #.......     28%         3    ###....


Dungeon Overview and Level Annotations

Branches:
Dungeon (7/15)             Temple (1/1) D:4

Altars:
Cheibriados
Elyvilon
Gozag
Hepliaklqana
Nemelex Xobeh
Ru
Vehumet
Wu Jian
Xom
Zin
The Shining One

Shops:
D:5 *[

Annotations:
D:7 exclusion: 2 electric eels


Innate Abilities, Weirdness & Mutations

You cannot wear most types of armour.
You are very stealthy in the water. (Stealth+)
((You are amphibious.))
You can wear up to eight rings at the same time.
((You can use your tentacles to constrict eight enemies at once.))
((Your skin changes colour to match your surroundings (Stealth+).))
((Your rubbery body absorbs attacks. (AC +1, EV +1)))
Your life essence is reduced to manifest your ancestor. (-10% HP)


Message History

Your spectral weapon hits the brown ugly thing.
The brown ugly thing is engulfed in blazing flames.
The brown ugly thing explodes!
The fiery explosion engulfs you!
* * * LOW HITPOINT WARNING * * *
The fiery explosion engulfs the howler monkey.
You kill the howler monkey!
Training target 4.0 for Shields reached!
Your Polearms skill increases to level 7!
Your Shields skill increases to level 4!
You have reached level 9!
Your experience leads to an increase in your attributes!
Your base attributes are Str 9, Int 15, Dex 15.
Increase (S)trength, (I)ntelligence, or (D)exterity?
You feel agile.
Unknown command.
You feel better.
You are engulfed in blazing flames.
* * * LOW HITPOINT WARNING * * *
You feel better.
You are engulfed in blazing flames.
You die...

#.# #.###.#.## ##.#####...#
#.#####.#......###..........#
#.##....#.###.#.#.########..#
#.#....)..# #.##..# #...
#####################.# ##..
$(#.....#.....#..%..#.# #.##
:.#.....#...).#.....#.# #.##
? #..#..#..#..#(§#..#.# #.#.
###..#..#..#..#§♣#..#.# ##.#
)(...#..u..#.%§§§#÷.#># ##.#.
.u...#.....#...§.#..#.# #.#..
##################..### ##.#.
....................# ##.#
....................######
##.
##################..#....# #.
#l....#.....#h.####.# ##
#.l...#.....#..#.##.#


You could see a friendly spectral spear.

Vanquished Creatures
  An ugly thing (D:7)
  A phantom (D:6)
  2 ogres
  A howler monkey (D:7)
  3 crimson imps (D:5)
  2 orc wizards (D:5)
  A hound (D:4)
  3 worker ants
  6 adders
  An ooze (D:3)
  An adder zombie (D:5)
  2 worms (D:3)
  3 leopard geckos
  8 orcs
  4 bats
  6 giant cockroaches
  3 goblins
  A hobgoblin (D:1)
  10 jackals
  4 kobolds
  3 quokkas
  A ball python (D:3)
  2 frilled lizards
  A leopard gecko skeleton (D:3)
  4 rats
74 creatures vanquished.

Vanquished Creatures (collateral kills)
  A hippogriff (D:7)
  2 orc warriors
  2 centaurs (D:7)
  A bullfrog (D:7)
  A scorpion (D:4)
  A quasit (D:5)
  A hound (D:7)
  4 orc wizards
  Ijyb (D:5)
  2 worker ants
  A killer bee zombie (D:6)
  2 adders (D:6)
  5 orcs
  A giant cockroach (D:5)
  3 jackals
28 creatures vanquished.

Vanquished Creatures (others)
  A knight (D:7)
  4 ancestors
  2 plants (D:7)
  3 spectral weapons
10 creatures vanquished.

Grand Total: 112 creatures vanquished

Notes
Turn   | Place    | Note
-------+----------+-------------------------------------------
     0 | D:1      | Flugkiller the Octopode Wanderer began the quest for the Orb.
     0 | D:1      | Flugkiller set off with: a +2 spear, a ration
     0 | D:1      | Reached XP level 1. HP: 16/16 MP: 2/2
   389 | D:1      | Reached XP level 2. HP: 21/21 MP: 3/3
   812 | D:1      | Reached skill level 1 in Dodging
   814 | D:1      | Reached XP level 3. HP: 10/26 MP: 5/5
  1210 | D:2      | Found a white marble altar of Elyvilon.
  1767 | D:3      | Found a faded altar of an unknown god.
  2008 | D:3      | Reached XP level 4. HP: 22/33 MP: 7/7
  2849 | D:4      | Noticed an ogre
  2899 | D:4      | Found a hazy altar of Hepliaklqana.
  3001 | D:4      | Became a worshipper of Hepliaklqana the Forgotten
  3034 | D:4      | Killed an ogre
  3034 | D:4      | Reached XP level 5. HP: 10/33 MP: 7/9
  3343 | D:4      | Learned a level 3 spell: Spectral Weapon
  3402 | D:4      | Reached skill level 1 in Polearms
  3402 | D:4      | Reached XP level 6. HP: 20/39 MP: 10/10
  3549 | D:4      | Found an ornate altar of the Wu Jian Council.
  3657 | D:4      | Found a staircase to the Ecumenical Temple.
  3664 | Temple   | Entered the Ecumenical Temple
  4079 | D:4      | Found a glowing golden altar of the Shining One.
  4306 | D:4      | Reached * piety under Hepliaklqana
  4467 | D:5      | Entered Level 5 of the Dungeon
  4536 | D:5      | Found Liuj's Armour Shop.
  4639 | D:5      | Found Zin's Purification Station.
  4642 | D:5      | Found a glowing silver altar of Zin.
  4667 | D:5      | Reached skill level 2 in Polearms
  4693 | D:5      | Noticed Ijyb
  4709 | D:5      | Killed Ijyb
  4732 | D:5      | Reached skill level 1 in Hexes
  4732 | D:5      | Reached skill level 1 in Charms
  4786 | D:5      | Found a sparkling altar of Nemelex Xobeh.
  4820 | D:5      | Reached XP level 7. HP: 33/44 MP: 11/11
  5116 | D:5      | Reached skill level 3 in Polearms
  5614 | D:6      | Found an opulent altar of Gozag.
  5614 | D:6      | Found a radiant altar of Vehumet.
  5619 | D:6      | Found a shimmering altar of Xom.
  5621 | D:6      | Found a faded altar of an unknown god.
  5622 | D:6      | Found a faded altar of an unknown god.
  5819 | D:6      | Reached ** piety under Hepliaklqana
  5820 | D:6      | Remembered your ancestor Knugen as a knight
  5908 | D:6      | Reached skill level 4 in Polearms
  6256 | D:6      | Found a snail-covered altar of Cheibriados.
  6448 | D:6      | Reached XP level 8. HP: 48/48 MP: 12/12
  6694 | D:6      | You fall through a shaft!
  6838 | D:6      | Found a snail-covered altar of Cheibriados.
  7047 | D:6      | Found an opulent altar of Gozag.
  7047 | D:6      | Found a radiant altar of Vehumet.
  7052 | D:6      | Found a shimmering altar of Xom.
  7054 | D:6      | Found a faded altar of an unknown god.
  7303 | D:6      | Found a faded altar of an unknown god.
  7460 | D:7      | Found a sacrificial altar of Ru.
  7824 | D:7      | Reached skill level 5 in Polearms
  7951 | D:7      | Noticed a hippogriff
  7973 | D:7      | Reached skill level 5 in Dodging
  8134 | D:7      | Killed a hippogriff
  8134 | D:7      | Reached skill level 6 in Polearms
  8289 | D:7      | Noticed a white ugly thing
  8325 | D:7      | Killed a brown ugly thing
  8325 | D:7      | HP: 1/72 [brown ugly thing/exploding inner flame[the player character] (17)]
  8325 | D:7      | Reached skill level 7 in Polearms
  8325 | D:7      | Reached XP level 9. HP: 2/53 MP: 9/13
  8327 | D:7      | Engulfed by a cloud of flame

Vault maps used:
D:1:      dpeg_arrival_stonehenge_8_columns
D:2:      elyvilon_altar_1
D:3:      chequers_ecumenical_altar_island
D:4:      overflow_temple_1_default, lemuel_round_altar, kennysheep_mini,
          minmay_temple_entry_overgrown
D:5:      zin_purify, old_standard_altar, first_ration, serial_shops, shop,
          uniq_ijyb
D:6:      nicolae_overflow_crystal_walls, chequers_temple_overflow_minitemple
D:7:      kennysheep_windowed_halls, nicolae_ru_awakened_eye,
          serial_bayou_ford_a
Temple:   minmay_temple_curvy_loop

Skill      XL: |  1  2  3  4  5  6  7  8 |
---------------+-------------------------+-----
Dodging        | 1 2 3 4 5 |  5.9
Spellcasting   | 2 3 |  3.0
Fighting       | 4 |  4.3
Polearms       | 1 2 4 7 |  7.2
Hexes          | 1 2 |  2.0
Charms         | 1 2 |  2.0
Shields        | 4 |  4.0
Conjurations   | |  2.0
Transmutations | |  2.0
Evocations     | |  1.1

Action                   |  1- 3 |  4- 6 |  7- 9 || total
-------------------------+-------+-------+-------++-------
Melee: Spear             |    73 |   105 |   113 ||   291
       Constrict         |    14 |    20 |    17 ||    51
       Tentacles         |     7 |    12 |    15 ||    34
Throw: Stone             |       |     2 |       ||     2
 Cast: Spectral Weapon   |       |       |     8 ||     8
Invok: Ancestor Identity |       |     1 |       ||     1
       Recall Ancestor   |       |       |     9 ||     9
       Ancestor Life: Kn |       |       |     1 ||     1
Evoke: Wand              |       |       |     2 ||     2
  Use: Scroll            |     4 |     3 |     5 ||    12
       Potion            |       |       |     5 ||     5
 Stab: Sleeping          |    14 |     4 |     3 ||    21
       Distracted        |       |     1 |       ||     1
  Eat: Chunk             |     2 |     7 |    11 ||    20
       Ration            |       |     1 |       ||     1
Armor: Skin              |     3 |     5 |    19 ||    27
Dodge: Dodged            |    29 |    37 |    39 ||   105
Block: Buckler           |       |       |     7 ||     7

Table legend:
 A = Spawn XP
 B = Non-spawn XP
 C = Spawn XP percentage of total XP
 D = Spawn monster count
 E = Non-spawn monster count
 F = Spawn count percentage of total count
 G = Total turns spent on level
                    A         B        C        D         E        F      G
               +---------+---------+-------+---------+---------+-------+---------
         Total |       0 |    2930 |   0.0 |       0 |     102 |   0.0 |  8327
               +---------+---------+-------+---------+---------+-------+---------
           D:1 |       0 |      35 |   0.0 |       0 |      13 |   0.0 |  1079
           D:2 |       0 |      40 |   0.0 |       0 |      11 |   0.0 |   552
           D:3 |       0 |      48 |   0.0 |       0 |       9 |   0.0 |  1179
           D:4 |       0 |     287 |   0.0 |       0 |      18 |   0.0 |  1819
           D:5 |       0 |     436 |   0.0 |       0 |      14 |   0.0 |   893
           D:6 |       0 |     526 |   0.0 |       0 |      18 |   0.0 |  1801
           D:7 |       0 |    1558 |   0.0 |       0 |      19 |   0.0 |  1002
               +---------+---------+-------+---------+---------+-------+---------
